 Dungeon Crawl Stone Soup version 0.30-a0-576-g89cddaab80 (webtiles) character file.

Game seed: 5073896758286739967

1411147 PyroL the Metallomancer (level 25, 336/336 HPs)
             Began as a Grey Draconian Ice Elementalist on Dec 30, 2022.
             Was the Champion of Vehumet.
             Escaped with the Orb
             ... and 3 runes on Dec 31, 2022!
             The game lasted 05:40:48 (94631 turns).

PyroL the Metallomancer (DrIE)                     Turns: 94631, Time: 05:40:49

Health: 336/336    AC: 25    Str:  3 (5)  XL:     25   Next: 22%
Magic:  51/51      EV: 18    Int: 38 (41) God:    Vehumet [******]
Gold:   4604       SH: 10    Dex: 13      Spells: 1/54 levels left

rFire   . . .      SeeInvis +    P - +6 war axe of Viomy {pain, rPois rC+ rN++ Dex-5}
rCold   + . .      Faith    .    x - +4 buckler of Imperfection {Int+5 Slay+2}
rNeg    + + +      Spirit   .    (body armour unavailable)
rPois   +          Reflect  .    J - +1 hat of Yfaatugrui {Regen+ Int+4 Dex+4}
rElec   +          Harm     .    n - +2 cloak {Stlth+}
rCorr   +          Rampage  .    U - +2 pair of gloves "Pydez" {Will+ Str-3 Int+7}
Will    ++...                    F - +0 pair of boots {Stlth+} Stlth
                                 k - amulet of regeneration
HPRegen 3.16/turn                D - ring "Umoasics" {Wiz MP+9 Str-3 SInv Stlth+}
MPRegen 0.32/turn                Q - ring "Bomic" {rElec rN+ rCorr}

@: mighty, brilliant, berserking, flying, hasted, studying Unarmed Combat,
invisible, very quick
A: AC +17, amphibious, unfitting armour, cold-blooded, big wings, regeneration
1, inability to read after injury 1
0: Orb of Zot
}: 3/15 runes: barnacled, slimy, gossamer
a: Renounce Religion


You escaped.
You worshipped Vehumet.
Vehumet was exalted by your worship.
You visited 12 branches of the dungeon, and saw 54 of its levels.
You also visited: Sewer and Ice Cave.

You collected 6100 gold pieces.
You spent 1496 gold pieces at shops.

Inventory:

Hand Weapons
 P - the +6 war axe of Viomy (weapon) {pain, rPois rC+ rN++ Dex-5}
   (You found it on level 9 of the Dungeon)

   In the hands of one skilled in necromantic magic, it inflicts extra damage on
   living creatures.
   Dex:       It affects your dexterity (-5).
   rC:        It protects you from cold.
   rPois:     It protects you from poison.
   rN:        It greatly protects you from negative energy.
Missiles
 Z - 7 silver boomerangs
Armour
 n - a +2 cloak of stealth (worn)
 x - the +4 buckler of Imperfection (worn) {Int+5 Slay+2}
   (You acquired it on level 1 of the Lair of Beasts)

   Int:       It affects your intelligence (+5).
   Slay:      It affects your accuracy & damage with ranged weapons and melee
   (+2).
 F - a +0 pair of boots of stealth (worn)
 J - the +1 hat of Yfaatugrui (worn) {Regen+ Int+4 Dex+4}
   (You found it on level 2 of the Spider Nest)

   Int:       It affects your intelligence (+4).
   Dex:       It affects your dexterity (+4).
   Regen:     It increases your rate of health regeneration.
 U - the +2 pair of gloves "Pydez" (worn) {Will+ Str-3 Int+7}
   (You found it on level 1 of the Crypt)

   Str:       It affects your strength (-3).
   Int:       It affects your intelligence (+7).
   Will:      It increases your willpower.
Jewellery
 b - the ring of Rarawn {rPois rC+ rN+ Dex+7 Stlth-}
   (You found it on level 5 of the Pits of Slime)

   [ring of positive energy]

   Dex:       It affects your dexterity (+7).
   rC:        It protects you from cold.
   rPois:     It protects you from poison.
   rN:        It protects you from negative energy.
   Stlth:     It makes you less stealthy.
 k - an amulet of regeneration (around neck)
 q - the ring "Sitad" {MP+9 Str+6}
   (You acquired it on level 4 of the Vaults)

   [ring of strength]

   Str:       It affects your strength (+6).
   MP:        It affects your magic capacity (+9).
 D - the ring "Umoasics" (left hand) {Wiz MP+9 Str-3 SInv Stlth+}
   (You took it off a deep elf annihilator on level 1 of the Depths)

   [ring of wizardry]

   It improves your spell success rate.
   Str:       It affects your strength (-3).
   MP:        It affects your magic capacity (+9).
   SInv:      It lets you see invisible.
   Stlth:     It makes you more stealthy.
 G - a ring of willpower
 L - a ring of protection from fire
 Q - the ring "Bomic" (right hand) {rElec rN+ rCorr}
   (You bought it in a shop on level 1 of the Depths)

   [ring of positive energy]

   rElec:     It insulates you from electricity.
   rN:        It protects you from negative energy.
   rCorr:     It protects you from acid and corrosion.
 Y - the ring "Muoluepa" {Int+6 Dex+6}
   (You found it on level 1 of the Depths)

   [ring of dexterity]

   Int:       It affects your intelligence (+6).
   Dex:       It affects your dexterity (+6).
Wands
 d - a wand of charming (63)
 j - a wand of polymorph (29)
 C - a wand of mindburst (20)
 M - a wand of quicksilver (22)
 N - a wand of iceblast (20)
 V - a wand of digging (10)
 W - a wand of flame (41)
Scrolls
 e - 11 scrolls of fog
 f - 11 scrolls of magic mapping
 l - 2 scrolls of amnesia
 o - 14 scrolls of teleportation
 s - 5 scrolls of silence
 t - 11 scrolls of enchant weapon
 w - 8 scrolls of poison
 z - 4 scrolls of brand weapon
 I - 5 scrolls of summoning
 K - 5 scrolls of fear
 R - 2 scrolls of blinking
 T - 10 scrolls of enchant armour
Potions
 a - 4 potions of magic
 c - 27 potions of curing
 g - 7 potions of berserk rage
 h - 3 potions of mutation
 i - 9 potions of haste
 m - 5 potions of brilliance
 p - 6 potions of invisibility
 r - 5 potions of lignification
 u - 13 potions of heal wounds
 B - 5 potions of cancellation
 E - 2 potions of resistance
 H - 7 potions of might
 O - 9 potions of ambrosia
Miscellaneous
 v - a phantom mirror
 y - a phial of floods
 S - a condenser vane
 X - a tin of tremorstones (2/2)


   Skills:
 - Level 18.0 Fighting
 - Level 9.0 Axes
 - Level 6.0 Throwing
 - Level 15.0 Dodging
 - Level 1.7 Stealth
 - Level 7.6 Shields
 - Level 15.0 Spellcasting
 - Level 16.0 Conjurations
 - Level 6.0 Necromancy
 - Level 6.0 Transmutations
 + Level 22.3 Ice Magic
 - Level 24.1 Earth Magic
 - Level 10.0 Evocations


You had one spell level left.
You knew the following spells:

 Your Spells              Type           Power      Damage    Failure   Level
a - Freeze                Ice            100%       1d10      0%          1
b - Ozocubu's Armour      Ice            100%       N/A       0%          3
c - Frozen Ramparts       Ice            100%       1d16      0%          3
d - Borgnjor's Vile Clut  Necr/Erth      60%        N/A       1%          5
e - Irradiate             Conj/Tmut      53%        3d29      1%          5
f - Passage of Golubria   Tloc           42%        N/A       6%          4
g - Lee's Rapid Deconstr  Erth           71%        3d32*     0%          5
h - Iron Shot             Conj/Erth      67%        9d12      1%          6
i - Ozocubu's Refrigerat  Ice            69%        4d22      1%          7
j - Polar Vortex          Ice            69%        N/A       1%          9
k - Metabolic Englaciati  Hex/Ice        53%        N/A       1%          5

Your spell library contained the following spells:

 Spells                   Type           Power      Damage    Failure   Level
 Chain Lightning          Conj/Air       46%        3d62      98%         9
 Magic Dart               Conj           100%       1d8       0%          1
 Sandblast                Erth           100%       2d20      0%          1
 Apportation              Tloc           84%        N/A       1%          1
 Beastly Appendage        Tmut           100%       N/A       1%          1
 Foxfire                  Conj/Fire      100%       2x1d9     1%          1
 Necrotise                Necr           100%       1d9       1%          1
 Slow                     Hex            100%       N/A       1%          1
 Ensorcelled Hibernation  Hex/Ice        100%       N/A       0%          2
 Passwall                 Tmut/Erth      100%       N/A       0%          2
 Searing Ray              Conj           100%       2d8       0%          2
 Stone Arrow              Conj/Erth      100%       3d13      0%          3
 Blink                    Tloc           84%        N/A       1%          2
 Call Imp                 Summ           42%        N/A       1%          2
 Cigotuvi's Dreadful Rot  Necr/Pois/Air  100%       N/A       1%          2
 Momentum Strike          Conj/Tloc      100%       3d10      1%          2
 Poisonous Vapours        Pois/Air       84%        N/A       1%          2
 Static Discharge         Conj/Air       100%       2-7/arc   1%          2
 Sublimation of Blood     Necr           84%        N/A       1%          2
 Wereblood                Tmut           84%        N/A       1%          2
 Confusing Touch          Hex            42%        N/A       1%          3
 Dazzling Flash           Conj/Hex       100%       N/A       1%          3
 Gell's Gravitas          Tloc           42%        N/A       1%          3
 Ignite Poison            Fire/Tmut/Pois 60%        N/A       1%          3
 Lesser Beckoning         Tloc           84%        N/A       1%          3
 Mephitic Cloud           Conj/Pois/Air  80%        N/A       1%          3
 Spider Form              Tmut/Pois      67%        N/A       1%          3
 Teleport Other           Tloc           42%        N/A       1%          3
 Tukima's Dance           Hex            42%        N/A       1%          3
 Vampiric Draining        Necr           84%        2d12      1%          3
 Vhi's Electric Charge    Tloc/Air       84%        N/A       1%          3
 Anguish                  Hex/Necr       33%        N/A       1%          4
 Animate Dead             Necr           84%        N/A       1%          4
 Dispel Undead            Necr           84%        3d27      1%          4
 Fulminant Prism          Conj/Hex       46%        3d20      1%          4
 Iskenderun's Mystic Bla  Conj/Tloc      93%        2d18      1%          4
 Leda's Liquefaction      Hex/Erth       55%        N/A       1%          4
 Petrify                  Tmut/Erth      100%       N/A       1%          4
 Sticky Flame             Conj/Fire      93%        2d10      1%          4
 Summon Ice Beast         Ice/Summ       100%       N/A       1%          4
 Agony                    Necr           84%        N/A       1%          5
 Arcjolt                  Conj/Air       46%        1d56      1%          5
 Blade Hands              Tmut           42%        N/A       1%          5
 Fireball                 Conj/Fire      46%        3d18      1%          5
 Lightning Bolt           Conj/Air       46%        1d66      1%          5
 Yara's Violent Unravell  Hex/Tmut       33%        3d14      1%          5
 Conjure Ball Lightning   Conj/Air       46%        3x3d16    1%          6
 Starburst                Conj/Fire      46%        6d13      1%          6
 Statue Form              Tmut/Erth      80%        N/A       1%          6
 Lehudib's Crystal Spear  Conj/Erth      67%        10d15     1%          8
 Alistair's Intoxication  Tmut/Pois      44%        N/A       4%          5
 Death Channel            Necr           42%        N/A       8%          6
 Eringya's Noxious Bog    Tmut/Pois      33%        N/A       8%          6
 Dragon Form              Tmut           42%        N/A       38%         7
 Enfeeble                 Hex            21%        N/A       99%         7
 Ignition                 Fire           21%        3d8       99%         8
 Discord                  Hex            21%        N/A       100%        8
 Disjunction              Tloc           21%        N/A       100%        8
 Animate Armour           Summ/Erth      Unusable   N/A       N/A         4

Dungeon Overview and Level Annotations

Branches:
Dungeon (15/15)            Temple (1/1) D:5            Lair (5/5) D:8
 Shoals (4/4) Lair:3       Spider (4/4) Lair:2        Slime (5/5) Lair:4
    Orc (2/2) D:9             Elf (2/3) Orc:2        Vaults (5/5) D:13
  Crypt (2/3) Vaults:3     Depths (4/4) D:15            Zot (5/5) Depths:4
  Sewer (visited)           IceCv (visited)

Altars:
Ashenzari
Cheibriados
Dithmenos
Elyvilon
Fedhas
Gozag
Hepliaklqana
Kikubaaqudgha
Makhleb
Nemelex Xobeh
Okawaru
Qazlal
Ru
Sif Muna
Trog
Uskayaw
Vehumet
Wu Jian
Xom
Yredelemnul
Zin
The Shining One
Jiyva

Shops:
D:3 !   D:9 =:   D:11 (   D:12 [   D:13 :   Orc:2 (=[[   Vaults:2 (
Depths:1 =   Depths:2 [

Portals:
Hell: Depths:1 Depths:2 Depths:3 Depths:4
Abyss: Depths:3
Pandemonium: Depths:2 Depths:4
Ziggurat: Depths:3
Trove: D:10 (give 12 potions of heal wounds)

Annotations:
Shoals:2 1 exclusion
Elf:1 2 transporters, SirDiesAlot's ghost, journeyman SpBr
Elf:2 3 runed translucent doors
Vaults:4 exclusion: 3 downstairs
Zot:2 3 runed translucent doors, Gofuck's ghost, veteran DgAE
Zot:5 1 exclusion


Innate Abilities, Weirdness & Mutations

Your dull iron-grey scales are very hard. (AC +17)
You are amphibious.
You cannot fit into any form of body armour.
You are cold-blooded and may be slowed by cold attacks.
Your large and strong wings let you fly.
Your natural rate of healing is unusually fast.
You occasionally lose the ability to read scrolls when taking damage.


Message History

Casting: Borgnjor's Vile Clutch (safe; 1% risk of failure)
Confirm with . or Enter, or press ? or * to list all spells.
Aiming: Borgnjor's Vile Clutch (safe; 1% risk of failure)
Press: ? - help, Shift-Dir - straight line, f/p - profane servitor
Aim: a profane servitor, wielding a +2 whip (lightly damaged, umbra, 100% to hit)
Zombie hands grab the profane servitor.
The zombie hands constrict the profane servitor.
You block the profane servitor's attack.
The profane servitor hits you but does no damage.
The profane servitor hits you with a +2 whip.
The profane servitor hits you but does no damage.
The zombie hands constrict the profane servitor!
The profane servitor struggles to escape constriction.
The zombie hands constrict the profane servitor!
The profane servitor struggles to escape constriction.
The profane servitor escapes!
There is a stone staircase leading up here.
The profane servitor hits you but does no damage. x2
You fly upwards.
There is a stone staircase leading down here.
There is an open door here.
Things that are here:
5 stones; a +0 whip Magic restored.
An Ice Fiend comes into view.
There is a staircase leading out of the dungeon here.
You feel yourself speed up. The Ice Fiend gestures at you.
The bolt of cold misses you.
You feel clever all of a sudden.
You fade into invisibility!
You feel very mighty all of a sudden.
A red film seems to cover your vision as you go berserk!
You feel yourself moving faster!
You feel mighty!
You are too berserk!
Unknown command.
You are too berserk!
Unknown command.
You feel a strong urge to attack something.
You have escaped!

..#.# #.# #.# #.#'###
#.########## #.#
#.....# #.##.#.#.#.###
#.# ......#
#.#.#.#.#.#..# #.#
#.....###.##.#.#.#.#.#
#.#
......'...#.#.#.#.#..#
#.#
......######.~≈≈1≈.#.#
#.# ......#
#.#~...≈#..# #.#
......### ##.~..@≈.#.#
#.# ##......#
#.#~...≈#..######.#
##......#
##.~≈≈≈≈.#........#
##'#...#
#.#.#.#.#.#######.#
#.#...# ##.#.#.#.##
#.# #.#...#
#.#.#.#.#.# #.#
#.#...# ##.#.#.#.##
#.# #.#...# #########
#.# #.#...# #.#


You could see an Ice Fiend.

Vanquished Creatures
  the Royal Jelly (Slime:5)
  A dread lich (Zot:5)
  2 orbs of fire
  Khufu (Crypt:1)
  An ancient lich (Depths:1)
  A royal mummy (Crypt:1)
  4 Killer Klowns (Zot:5)
  A caustic shrike (Depths:1)
  Nikola (Spider:4)
  3 curse toes
  4 golden dragons
  2 electric golems
  The ghost of Omiorith the Warrior, an adept GrFi of Cheibriados (Crypt:1)
  A hellephant (Depths:4)
  Mlioglotl (Spider:4)
  12 tentacled monstrosities
  A walking crystal tome (Depths:2)
  24 Orb Guardians
  A titan (Vaults:3)
  5 quicksilver dragons
  15 acid blobs
  A lich (Depths:1)
  5 sphinxes
  Polyphemus (Shoals:3)
  5 ancient champions
  5 death cobs
  2 krakens (Shoals:4)
  4 tengu reavers
  5 shadow dragons
  7 storm dragons
  Roxanne (Spider:1)
  Kirke (Spider:3)
  2 draconian monks
  6 azure jellies
  2 revenants (Crypt:1)
  16 rockslimes
  An iron dragon (Depths:3)
  6 draconian knights
  A deep elf sorcerer (Depths:1)
  8 vault wardens
  A curse skull (Crypt:2)
  5 draconian scorchers
  5 fire giants
  Aizul (Shoals:2)
  3 ghost moths
  6 frost giants
  7 emperor scorpions
  5 draconian shifters
  2 juggernaut zombies (Depths:2)
  3 draconian stormcallers
  4 ghouls (Crypt:2)
  5 draconian annihilators
  An orc warlord (Vaults:3)
  26 very ugly things
  6 spriggan defenders
  13 stone giants
  19 quicksilver oozes
  A war gargoyle (Vaults:1)
  A broodmother (Spider:1)
  12 ironbound preservers
  A deep elf demonologist (Elf:2)
  A reaper (IceCv)
  A deep elf annihilator (Depths:1)
  10 ironbound thunderhulks
  4 green draconians
  9 black draconians
  4 vampire knights
  9 yellow draconians
  Azrael (Elf:1)
  5 purple draconians
  11 white draconians
  18 dire elephants
  7 red draconians
  A dire elephant (shapeshifter) (Depths:2)
  5 eidola
  4 spark wasps
  4 ettins
  3 merfolk javelineers
  10 merfolk impalers
  9 jiangshi
  3 mummy priests (Crypt:1)
  4 deep elf death magi
  4 entropy weavers
  6 fire dragons
  9 yaktaur captains
  A deep elf high priest (Elf:1)
  4 rakshasas
  7 great orbs of eyes
  Erolcha (D:12)
  9 ice dragons
  11 vault guards
  A caustic shrike simulacrum (Depths:2)
  3 ogre magi
  A peacekeeper (Vaults:1)
  A radroach (Spider:2)
  A hydra (Lair:5)
  3 merfolk avatars
  15 centaur warriors
  4 catoblepae
  3 spriggan air magi
  4 satyrs
  4 ironbound frosthearts
  A death knight (D:13)
  4 jorogumos
  5 merfolk aquamancers
  15 dancing weapons
  10 boulder beetles
  17 two-headed ogres
  10 deep troll shamans
  9 tengu warriors
  10 hell hogs (Depths:4)
  4 alligator snapping turtles
  4 vampire magi (Crypt:1)
  6 deep troll earth magi
  4 death yaks (Lair:3)
  An orc high priest (Orc:2)
  A bennu skeleton (Crypt:2)
  3 spriggan berserkers (Depths:3)
  2 soul eaters
  Urug (Lair:4)
  10 deep elf knights
  6 hell knights (Depths:1)
  2 storm dragon skeletons
  2 shadow wraiths (Crypt:1)
  A sun moth (Spider:1)
  10 iron trolls
  2 goliath frogs (Lair:5)
  13 skeletal warriors
  57 deep trolls
  A bog body (Crypt:2)
  13 sea snakes
  3 glowing orange brains
  5 pharaoh ants
  4 flayed ghosts
  A death drake (shapeshifter) (Elf:2)
  5 wizards
  23 harpies
  7 orb spiders
  A shadow demon (Depths:2)
  10 steelbarb worms
  10 deep elf archers
  19 ironbound convokers
  4 necromancers
  3 obsidian statues
  19 deep elf pyromancers
  4 phantasmal warriors
  An eleionoma zombie (Crypt:2)
  10 lindwurms
  6 orc knights
  A salamander (Depths:3)
  An iron dragon zombie (Depths:2)
  6 orc sorcerers
  5 shining eyes
  42 ugly things
  23 deep elf zephyrmancers
  12 wolf spiders
  18 manticores
  2 shadow dragon skeletons (Depths:2)
  19 moths of wrath
  A stone giant zombie (Crypt:2)
  23 fauns
  A manticore (shapeshifter) (Depths:3)
  5 merfolk sirens
  6 cyclopes
  11 elephants
  7 black mambas
  An eleionoma skeleton (Crypt:1)
  5 water nymphs (Shoals:4)
  An ice statue (IceCv)
  3 torpor snails
  A black mamba (shapeshifter) (D:15)
  13 vault sentinels
  12 demonic crawlers
  2 eyes of devastation
  A water nymph (shapeshifter) (D:15)
  2 gargoyles
  23 cane toads
  An elf zombie (Vaults:4)
  7 komodo dragons
  A minotaur zombie (Crypt:2)
  2 ice devils (Lair:5)
  A rime drake (shapeshifter) (D:14)
  2 efreet
  29 yaktaurs
  Maggie (D:6)
  3 rime drakes (Lair:1)
  A yaktaur (shapeshifter) (Vaults:1)
  An anaconda simulacrum (IceCv)
  An alligator snapping turtle skeleton (Crypt:1)
  4 guardian mummies (Crypt:1)
  A freezing wraith (IceCv)
  2 kobold demonologists
  4 red devils (D:15)
  5 tengu conjurers
  2 polar bears
  4 trolls
  39 merfolk
  4 hornets
  22 meliai
  3 tyrant leeches (Lair:5)
  3 wind drakes
  A blink frog (shapeshifter) (Elf:2)
  Prince Ribbit (D:6)
  A harpy skeleton (Crypt:1)
  93 slime creatures
  19 tarantellas
  Grinder (D:3)
  A great orb of eyes zombie (Crypt:2)
  4 dream sheep (Shoals:4)
  20 blink frogs
  A slime creature (shapeshifter) (Depths:2)
  9 snapping turtles
  29 jumping spiders
  A fire dragon skeleton (Crypt:1)
  An ettin skeleton (Vaults:4)
  10 culicivoras
  A centaur simulacrum (D:14)
  3 spriggans
  A shadow (D:12)
  13 water elementals
  8 fire elementals
  4 wyverns
  7 wraiths
  27 yaks
  4 hogs
  Eustachio (D:5)
  Grum (D:10)
  29 redbacks
  2 basilisks
  10 golden eyes
  9 vampire mosquitoes
  2 death yak simulacra (IceCv)
  2 wargs (Orc:2)
  Menkaure (D:6)
  3 acid dragons
  Edmund (D:6)
  2 harpy simulacra (IceCv)
  7 water moccasins
  A human zombie (Depths:2)
  3 hell hounds (Elf:1)
  20 orc warriors
  2 sky beasts
  3 ice beasts
  2 black bears
  Pargi (Sewer)
  4 boggarts
  13 ogres
  12 wolves
  16 centaurs
  A phantom (D:5)
  Blork the orc (D:5)
  4 kobold brigands
  11 bullfrogs
  7 necrophages
  A fire crab zombie (Crypt:2)
  A rime drake skeleton (Crypt:2)
  3 gnoll sergeants
  10 two-headed ogre simulacra (IceCv)
  7 scorpions
  10 wights
  A cane toad simulacrum (IceCv)
  A polar bear zombie (Crypt:1)
  7 killer bees
  An elephant simulacrum (IceCv)
  8 electric eels
  3 quasits (D:6)
  2 hounds (D:5)
  A gnoll bouda (D:6)
  30 orc priests
  A jelly (D:6)
  Crazy Yiuf (D:2)
  Jessica (D:2)
  A centaur skeleton (Crypt:1)
  4 iguanas
  Ijyb (D:5)
  41 orc wizards
  5 spriggan simulacra (IceCv)
  2 polar bear simulacra (IceCv)
  6 troll simulacra (IceCv)
  3 wolf simulacra (IceCv)
  An ogre skeleton (Crypt:1)
  2 tengu skeletons (Crypt:1)
  A hound zombie (Crypt:2)
  2 hound skeletons (Crypt:2)
  A mummy (Crypt:1)
  Robin (D:2)
  23 gnolls
  3 naga simulacra (IceCv)
  A river rat (D:6)
  12 adders
  8 shadow imps (D:6)
  9 white imps
  14 ufetubi
  A worm (D:2)
  A dart slug (D:2)
  74 orcs
  11 endoplasms
  7 giant cockroaches
  18 goblins
  8 hobgoblins
  29 kobolds
  2 quokkas
  7 ball pythons
  12 bats
  2 frilled lizards
  A goblin zombie (Crypt:1)
  An orc skeleton (Crypt:2)
  8 rats
  5 tentacles (Shoals:4)
2101 creatures vanquished.

Vanquished Creatures (collateral kills)
  Jory (Vaults:2)
  A vault sentinel (Vaults:2)
  2 gnolls (D:7)
4 creatures vanquished.

Vanquished Creatures (others)
  2 deep elf knights (Elf:2)
  An orc warrior (D:6)
  An ogre (D:6)
  An iguana (D:6)
  3 demonic plants (D:6)
  25 fungi
  130 plants
  8 tentacles (Shoals:4)
171 creatures vanquished.

Grand Total: 2276 creatures vanquished

Notes
Turn   | Place    | Note
-------+----------+-------------------------------------------
     0 | D:1      | PyroL the Draconian Ice Elementalist began the quest for
                  | the Orb.
     0 | D:1      | Reached XP level 1. HP: 14/14 MP: 3/3
   312 | D:1      | Reached XP level 2. HP: 18/20 MP: 0/5
  1365 | D:2      | Reached XP level 3. HP: 25/26 MP: 2/7
  1369 | D:2      | Learned a level 3 spell: Ozocubu's Armour
  1373 | D:2      | Learned a level 3 spell: Frozen Ramparts
  1619 | D:2      | Noticed Jessica
  1623 | D:2      | Killed Jessica
  1624 | D:2      | Reached XP level 4. HP: 33/33 MP: 3/8
  1935 | D:2      | Reached skill level 5 in Ice Magic
  2330 | D:2      | Found a runed translucent door.
  2331 | D:2      | Noticed Crazy Yiuf
  2339 | D:2      | Killed Crazy Yiuf
  2340 | D:2      | Reached XP level 5. HP: 38/38 MP: 0/11
  2540 | D:2      | Found a faded altar of an unknown god.
  2577 | D:2      | Noticed Robin
  2596 | D:2      | Killed Robin
  3172 | D:3      | Noticed Grinder
  3439 | D:3      | Found Rorokest's Distillery.
  3612 | D:3      | Reached skill level 1 in Fighting
  3960 | D:4      | Reached XP level 6. HP: 48/48 MP: 6/13
  4633 | D:5      | Entered Level 5 of the Dungeon
  4708 | D:5      | Your scales start taking on a dull iron-grey colour.
  4708 | D:5      | Reached XP level 7. HP: 14/60 MP: 7/14
  4710 | D:5      | Reached skill level 5 in Fighting
  4997 | D:5      | Noticed Eustachio
  5035 | D:5      | Killed Eustachio
  5252 | D:5      | Found a sacrificial altar of Ru.
  5274 | D:5      | Noticed Blork the orc
  5275 | D:5      | Noticed Ijyb
  5292 | D:5      | Killed Ijyb
  5313 | D:5      | Killed Blork the orc
  5314 | D:5      | Reached skill level 1 in Earth Magic
  5314 | D:5      | Reached XP level 8. HP: 73/73 MP: 1/15
  5460 | D:5      | Reached skill level 2 in Earth Magic
  5613 | D:5      | Found a shimmering blue altar of Sif Muna.
  5725 | D:5      | Reached skill level 3 in Earth Magic
  5799 | D:5      | Found a staircase to the Ecumenical Temple.
  5804 | Temple   | Entered the Ecumenical Temple
  6041 | D:6      | Found a shimmering altar of Xom.
  6074 | D:6      | Reached skill level 4 in Earth Magic
  6225 | D:6      | Reached skill level 5 in Earth Magic
  6225 | D:6      | Noticed Menkaure
  6233 | D:6      | Killed Menkaure
  6350 | D:6      | Found a glowing drain.
  6367 | Sewer    | Entered a sewer
  6377 | Sewer    | Noticed Pargi
  6383 | Sewer    | Killed Pargi
  6384 | Sewer    | Reached XP level 9. HP: 79/79 MP: 7/16
  6720 | D:6      | Reached skill level 5 in Spellcasting
  6787 | D:6      | Noticed Edmund
  6800 | D:6      | Killed Edmund
  6857 | D:6      | Noticed Maggie
  6871 | D:6      | Killed Maggie
  7095 | D:6      | Reached skill level 5 in Dodging
  7492 | D:6      | Noticed Prince Ribbit
  7503 | D:6      | Killed Prince Ribbit
  7504 | D:6      | Reached skill level 6 in Earth Magic
  8089 | D:7      | Reached skill level 7 in Earth Magic
  8276 | D:7      | Reached XP level 10. HP: 80/83 MP: 12/17
  8896 | D:8      | Reached skill level 8 in Earth Magic
  9171 | D:8      | Found a large runed translucent door.
  9171 | D:8      | Found a large runed translucent door.
  9190 | D:8      | Reached skill level 10 in Ice Magic
  9438 | D:8      | Reached skill level 9 in Earth Magic
  9461 | D:8      | Found a staircase to the Lair.
  9647 | D:8      | Found a sparkling altar of Nemelex Xobeh.
  9684 | D:8      | Found a hazy altar of Hepliaklqana.
  9721 | D:8      | Reached skill level 10 in Earth Magic
  9940 | D:9      | Found Rodass's Self-Improvement Boutique.
 10503 | D:8      | Noticed a sun demon
 10504 | D:8      | Reached skill level 11 in Earth Magic
 10987 | D:9      | Noticed an orange demon
 11106 | D:9      | Reached skill level 12 in Earth Magic
 11238 | D:9      | Found a staircase to the Orcish Mines.
 11299 | D:9      | Noticed a two-headed ogre
 11314 | D:9      | Killed a two-headed ogre
 11315 | D:9      | Reached XP level 11. HP: 77/92 MP: 9/18
 11321 | D:9      | Learned a level 5 spell: Borgnjor's Vile Clutch
 11426 | D:9      | Found Xowuir's Jewellery Shoppe.
 11438 | D:9      | Identified the +6 war axe of Viomy {pain, rPois rC+ rN++
                  | Dex-5}
 11564 | D:9      | Noticed a two-headed ogre
 11577 | D:9      | Killed a two-headed ogre
 11578 | D:9      | Reached skill level 1 in Necromancy
 11721 | D:10     | Entered Level 10 of the Dungeon
 11787 | D:10     | Noticed a two-headed ogre
 11805 | D:10     | Killed a two-headed ogre
 12211 | D:10     | Noticed a centaur warrior
 12211 | D:10     | Noticed a tengu warrior
 12211 | D:10     | Noticed a brown ugly thing
 12214 | D:10     | Noticed a wizard
 12219 | D:10     | Killed a centaur warrior
 12253 | D:10     | Killed a brown ugly thing
 12254 | D:10     | Killed a wizard
 12264 | D:10     | Killed a tengu warrior
 12387 | D:10     | Noticed Grum
 12391 | D:10     | Reached skill level 10 in Fighting
 12393 | D:10     | Killed Grum
 12704 | D:10     | Found a portal to a secret trove of treasure.
 13275 | D:10     | Found a bloodstained altar of Trog.
 13342 | D:10     | Found a basalt altar of Yredelemnul.
 13343 | D:10     | Found a radiant altar of Vehumet.
 13344 | D:10     | Found a stormy altar of Qazlal.
 13344 | D:10     | Found a glowing golden altar of the Shining One.
 13350 | D:10     | Became a worshipper of Vehumet
 13509 | D:10     | Noticed an orc knight
 13509 | D:10     | Noticed a centaur warrior
 13677 | D:10     | Killed an orc knight
 13682 | D:10     | Killed a centaur warrior
 14131 | D:11     | Found Xekk's Weapon Boutique.
 14307 | D:11     | Reached XP level 12. HP: 104/110 MP: 14/22
 14729 | D:12     | Found Yxtu Ado's Antique Armour Boutique.
 14734 | D:12     | Bought a pair of spiked gloves for 247 gold pieces
 14734 | D:12     | Identified the +2 pair of gloves "Dooxephevegu" {Dex+2}
                  | (You bought it in a shop on level 12 of the Dungeon)
 15045 | D:12     | Reached * piety under Vehumet
 15045 | D:12     | Offered knowledge of Sandblast by Vehumet.
 15050 | D:12     | Reached skill level 1 in Conjurations
 15508 | D:12     | Found a transporter.
 15818 | D:12     | Noticed Erolcha
 15842 | D:12     | Found a transporter.
 15846 | D:12     | Found a transporter.
 16099 | D:12     | Found a transporter.
 16504 | Lair:1   | Entered Level 1 of the Lair of Beasts
 17084 | Lair:1   | Reached skill level 1 in Transmutations
 17086 | Lair:1   | Reached skill level 5 in Conjurations
 17478 | Lair:1   | Offered knowledge of Momentum Strike by Vehumet.
 17517 | Lair:1   | Identified a scroll of acquirement
 17517 | Lair:1   | Acquired the +4 buckler of Imperfection {Int+5 Slay+2}
 18264 | Lair:2   | Found a hole to the Spider Nest.
 18319 | Lair:2   | Reached skill level 1 in Shields
 18364 | Lair:2   | Reached ** piety under Vehumet
 18505 | Lair:2   | You fall into a shaft and drop 1 floor!
 18649 | Lair:3   | Noticed a catoblepas
 18731 | Lair:3   | Killed a catoblepas
 19425 | Lair:2   | Reached skill level 5 in Transmutations
 19425 | Lair:2   | Reached XP level 13. HP: 106/116 MP: 20/26
 19447 | Lair:3   | Reached skill level 5 in Necromancy
 19679 | Lair:3   | Found a staircase to the Shoals.
 19722 | Lair:3   | Reached skill level 5 in Shields
 19971 | Lair:3   | Reached skill level 13 in Earth Magic
 20120 | Lair:3   | Offered knowledge of Ignite Poison by Vehumet.
 20632 | Lair:4   | Found a viscous altar of Jiyva.
 20632 | Lair:4   | Found a staircase to the Slime Pits.
 21013 | Lair:4   | Reached *** piety under Vehumet
 21413 | Lair:4   | Noticed Urug
 21427 | Lair:4   | Killed Urug
 21980 | Lair:4   | Learned a level 5 spell: Irradiate
 21981 | Lair:5   | Entered Level 5 of the Lair of Beasts
 22137 | Lair:5   | Found a frozen archway.
 22178 | IceCv    | Entered an ice cave
 22259 | IceCv    | Learned a level 4 spell: Dispel Undead
 22302 | IceCv    | Offered knowledge of Olgreb's Toxic Radiance by Vehumet.
 23079 | IceCv    | Reached **** piety under Vehumet
 23123 | IceCv    | Noticed a reaper
 23140 | IceCv    | Killed a reaper
 23228 | IceCv    | Offered knowledge of Fireball by Vehumet.
 23388 | IceCv    | Found the +8 frozen axe "Frostbite" {freezing cloud, *Noise
                  | Fly rC+}
 23391 | IceCv    | Identified the +2 battleaxe of Cek Docu {venom, rF++ rC+
                  | rCorr SInv}
 23413 | IceCv    | Reached XP level 14. HP: 124/124 MP: 27/27
 23877 | Lair:5   | Reached skill level 1 in Axes
 23890 | Lair:5   | Reached XP level 15. HP: 79/129 MP: 23/28
 23923 | Lair:5   | Reached skill level 5 in Axes
 25703 | D:13     | Found a gate to the Vaults.
 25847 | D:13     | Found a radiant altar of Vehumet.
 26165 | D:13     | Found Koaloy's Book Boutique.
 26392 | D:13     | Reached ***** piety under Vehumet
 26434 | D:13     | Offered knowledge of Spellforged Servitor by Vehumet.
 26460 | D:14     | Reached skill level 10 in Dodging
 26633 | D:14     | Learned a level 5 spell: Lee's Rapid Deconstruction
 27301 | D:15     | Entered Level 15 of the Dungeon
 27818 | D:15     | Reached skill level 10 in Spellcasting
 27951 | D:15     | Reached XP level 16. HP: 128/137 MP: 30/30
 28207 | D:15     | Found a staircase to the Depths.
 28589 | Orc:1    | Entered Level 1 of the Orcish Mines
 28717 | Orc:2    | Entered Level 2 of the Orcish Mines
 28776 | Orc:2    | Found a staircase to the Elven Halls.
 28867 | Orc:1    | Found Daex's Armour Shop.
 29149 | Orc:2    | Offered knowledge of Eringya's Noxious Bog by Vehumet.
 29282 | Orc:2    | Found Yrufof's Jewellery Shop.
 29282 | Orc:2    | Found Allexi's Antique Armour Boutique.
 29282 | Orc:2    | Found Othen's Antique Armour Boutique.
 29309 | Orc:2    | Found Ynatahoeck's Weapon Shop.
 29338 | Orc:2    | Bought an embroidered hat for 119 gold pieces
 30208 | Elf:1    | Entered Level 1 of the Elven Halls
 30588 | Elf:1    | Offered knowledge of Starburst by Vehumet.
 30591 | Elf:1    | Noticed Azrael
 30606 | Elf:1    | Killed Azrael
 30809 | Elf:1    | Found a transporter.
 30812 | Elf:1    | Noticed a deep elf blademaster
 30820 | Elf:1    | Found a transporter.
 30821 | Elf:1    | Noticed a deep elf blademaster
 30822 | Elf:1    | Noticed a deep elf blademaster
 30823 | Elf:1    | Noticed a deep elf blademaster
 30824 | Elf:1    | Found a bloodstained altar of Trog.
 30824 | Elf:1    | Noticed a deep elf blademaster
 30824 | Elf:1    | Noticed SirDiesAlot's ghost (journeyman SpBr)
 30909 | Elf:1    | Reached skill level 15 in Ice Magic
 30916 | Elf:1    | Reached skill level 1 in Evocations
 30930 | Elf:1    | Reached skill level 14 in Earth Magic
 31570 | Spider:1 | Entered Level 1 of the Spider Nest
 32275 | Spider:1 | Reached XP level 17. HP: 144/144 MP: 23/32
 32309 | Spider:1 | You fall into a shaft and drop 1 floor!
 32486 | Spider:1 | Acquired a ring of willpower
 32514 | Spider:1 | Identified Roxanne's Atlas of Pathos
 32514 | Spider:1 | Noticed Roxanne
 32571 | Spider:1 | Killed Roxanne
 32572 | Spider:1 | Reached skill level 15 in Earth Magic
 32572 | Spider:1 | Reached skill level 5 in Evocations
 33142 | Spider:1 | Offered knowledge of Iron Shot by Vehumet.
 33150 | Spider:1 | Learned a level 6 spell: Iron Shot
 34033 | Spider:2 | Identified the +1 hat of Yfaatugrui {Regen+ Int+4 Dex+4}
 35514 | Spider:4 | Entered Level 4 of the Spider Nest
 35921 | Shoals:1 | Entered Level 1 of the Shoals
 35993 | Shoals:1 | Reached skill level 16 in Earth Magic
 36034 | Shoals:1 | Offered knowledge of Ozocubu's Refrigeration by Vehumet.
 36707 | Shoals:1 | Learned a level 7 spell: Ozocubu's Refrigeration
 37847 | Shoals:2 | Noticed Aizul
 37861 | Shoals:2 | Killed Aizul
 39165 | Shoals:3 | Offered knowledge of Orb of Destruction by Vehumet.
 39288 | Shoals:3 | Reached XP level 18. HP: 158/158 MP: 8/34
 39465 | Shoals:3 | Noticed Polyphemus
 39727 | Shoals:3 | Killed Polyphemus
 40444 | Spider:4 | Noticed Mlioglotl
 40449 | Spider:4 | Noticed Kirke
 40948 | Spider:4 | Noticed Nikola
 42054 | Spider:4 | Killed Mlioglotl
 42065 | Spider:4 | Gained mutation: You are frail. (-10% HP) [mutagenic glow]
 42224 | Spider:4 | Killed Nikola
 42585 | Spider:3 | Killed Kirke
 43124 | Spider:4 | Reached ****** piety under Vehumet
 43131 | Spider:4 | Offered knowledge of Ignition by Vehumet.
 43715 | Spider:4 | Reached skill level 15 in Fighting
 44346 | Spider:4 | Found the +3 hat of Pondering {ponderous, Will+ MP+10
                  | Int+5}
 44365 | Spider:4 | Got a gossamer rune of Zot
 45088 | Shoals:4 | Entered Level 4 of the Shoals
 45600 | Shoals:4 | Reached skill level 10 in Conjurations
 45606 | Shoals:4 | Reached XP level 19. HP: 63/153 MP: 9/36
 45876 | Shoals:4 | Offered knowledge of Lehudib's Crystal Spear by Vehumet.
 45876 | Shoals:4 | Offered knowledge of Chain Lightning by Vehumet.
 45876 | Shoals:4 | Offered knowledge of Polar Vortex by Vehumet.
 45927 | Shoals:4 | Got a barnacled rune of Zot
 47499 | Elf:2    | HP: 6/153 [deep elf zephyrmancer/bolt of lightning (34)]
 48663 | Elf:2    | Found a runed translucent gate.
 48667 | Elf:2    | Found a runed translucent gate.
 48667 | Elf:2    | Found a runed translucent gate.
 49767 | Vaults:1 | Entered Level 1 of the Vaults
 53016 | Vaults:1 | Reached XP level 20. HP: 160/160 MP: 17/38
 53384 | Vaults:2 | Reached skill level 15 in Spellcasting
 54039 | Vaults:2 | Found Waiduv's Weapon Shop.
 54237 | Vaults:2 | Noticed Jory
 54342 | Vaults:2 | Killed Jory
 55706 | Vaults:3 | Learned a level 9 spell: Polar Vortex
 55965 | Vaults:3 | You fall into a shaft and drop 1 floor!
 57531 | Vaults:3 | Reached skill level 17 in Earth Magic
 57591 | Vaults:3 | Identified the +8 halberd of the Countless Villages {drain,
                  | rPois rN+++ Str-4 Dex-5}
 57995 | Vaults:3 | Found a staircase to the Crypt.
 58343 | Vaults:3 | Reached XP level 21. HP: 165/165 MP: 4/40
 58353 | Vaults:3 | Reached skill level 18 in Earth Magic
 59008 | Vaults:3 | Identified the +3 leather armour of Unreason {Int+2}
 60157 | Vaults:4 | Acquired the ring "Sitad" {MP+9 Str+6}
 60287 | Vaults:5 | Entered Level 5 of the Vaults
 60484 | Depths:1 | Entered Level 1 of the Depths
 60492 | Depths:1 | Noticed an ancient lich
 60861 | Slime:1  | Entered Level 1 of the Pits of Slime
 61038 | Lair:4   | Reached skill level 19 in Earth Magic
 61318 | Slime:1  | Gained mutation: You occasionally shout uncontrollably at
                  | your foes. [a shining eye]
 61321 | Slime:1  | Lost mutation: You occasionally shout uncontrollably at
                  | your foes. [potion of mutation]
 61321 | Slime:1  | Lost mutation: You are frail. (-10% HP) [potion of
                  | mutation]
 61321 | Slime:1  | Gained mutation: You sometimes lose your temper in combat.
                  | [potion of mutation]
 61321 | Slime:1  | Gained mutation: You are frail. (-10% HP) [potion of
                  | mutation]
 61322 | Slime:1  | Lost mutation: You are frail. (-10% HP) [potion of
                  | mutation]
 61322 | Slime:1  | Lost mutation: You sometimes lose your temper in combat.
                  | [potion of mutation]
 61322 | Slime:1  | Gained mutation: You are strong-willed. (Will+) [potion of
                  | mutation]
 61322 | Slime:1  | Gained mutation: You have a pair of small horns on your
                  | head. [potion of mutation]
 61790 | Slime:2  | Gained mutation: You have hidden genetic defects. [a
                  | shining eye]
 62036 | Slime:3  | Reached skill level 20 in Earth Magic
 62193 | Slime:3  | Gained mutation: Your body sometimes deteriorates upon
                  | taking damage. [a shining eye]
 63267 | Slime:4  | Gained mutation: You occasionally lose the ability to read
                  | scrolls when taking damage. [a shining eye]
 63582 | Slime:5  | Entered Level 5 of the Pits of Slime
 63651 | Slime:5  | Reached skill level 1 in Throwing
 63710 | Slime:5  | Gained mutation: You are dopey. (Int -2) [hidden defects]
 64543 | Slime:5  | Noticed the Royal Jelly
 64823 | Slime:5  | Killed the Royal Jelly
 64882 | Slime:5  | Found the +8 autumn katana {manifold assault}
 64894 | Slime:5  | Gained mutation: You are weak. (Str -2) [hidden defects]
 64894 | Slime:5  | Lost mutation: You have hidden genetic defects. [hidden
                  | defects expressed]
 65018 | Slime:5  | Identified the +2 cloak "Faluap" {-Tele Int+4}
 65028 | Slime:5  | Identified the +4 plate armour "Orinivusu" {Str+4 Stlth+}
 65030 | Slime:5  | Got a slimy rune of Zot
 65044 | Slime:5  | Found the +12 glaive of Prune {freeze}
 65067 | Slime:5  | Identified the +5 shortbow of the Contumacious God {speed,
                  | rC+ Will+}
 65073 | Slime:5  | Identified the ring of Rarawn {rPois rC+ rN+ Dex+7 Stlth-}
 65121 | Slime:5  | Identified the +0 quarterstaff of Disgust {freeze, Fly
                  | rElec Str-2}
 65168 | Slime:5  | Identified the +1 mace of Juiffiaj {drain, *Slow rElec
                  | rPois rF+}
 65295 | Slime:5  | Lost mutation: Your body sometimes deteriorates upon taking
                  | damage. [potion of mutation]
 65295 | Slime:5  | Lost mutation: You are strong-willed. (Will+) [potion of
                  | mutation]
 65295 | Slime:5  | Gained mutation: You are partially covered in large bone
                  | plates. (SH +4) [potion of mutation]
 65295 | Slime:5  | Lost mutation: You are dopey. (Int -2) [potion of mutation]
 65295 | Slime:5  | Gained mutation: You are very weak. (Str -4) [potion of
                  | mutation]
 65296 | Slime:5  | Lost mutation: You are partially covered in large bone
                  | plates. (SH +4) [potion of mutation]
 65296 | Slime:5  | Lost mutation: You are very weak. (Str -4) [potion of
                  | mutation]
 65296 | Slime:5  | Lost mutation: You have a pair of small horns on your head.
                  | [potion of mutation]
 65296 | Slime:5  | Gained mutation: You are agile. (Dex +4, Str/Int -1)
                  | [potion of mutation]
 65296 | Slime:5  | Gained mutation: You have hidden genetic potential. [potion
                  | of mutation]
 65297 | Slime:5  | Lost mutation: You are weak. (Str -2) [potion of mutation]
 65297 | Slime:5  | Lost mutation: You are agile. (Dex +4, Str/Int -1) [potion
                  | of mutation]
 65297 | Slime:5  | Lost mutation: You have hidden genetic potential. [potion
                  | of mutation]
 65297 | Slime:5  | Gained mutation: Your large and strong wings let you fly.
                  | [potion of mutation]
 65297 | Slime:5  | Gained mutation: Your natural rate of healing is unusually
                  | fast. [potion of mutation]
 65883 | Depths:1 | Killed an ancient lich
 65888 | Depths:1 | Identified the ring "Umoasics" {Wiz MP+9 Str-3 SInv Stlth+}
 65889 | Depths:1 | Reached skill level 5 in Throwing
 66554 | Depths:1 | Identified the +4 spear "Yreps" {heavy, rPois Str+4}
 66565 | Depths:1 | Found Linly's Jewellery Emporium.
 66595 | Depths:1 | Identified the ring "Muoluepa" {Int+6 Dex+6}
 66605 | Depths:1 | Noticed a caustic shrike
 66613 | Depths:1 | Killed a caustic shrike
 66616 | Depths:1 | Reached XP level 22. HP: 171/192 MP: 12/41
 67056 | Depths:1 | Found a gateway to Hell.
 67671 | Depths:1 | Found a hide-covered altar of Uskayaw.
 67733 | Depths:1 | Identified the ring of Divine Intervention {Drain rN+++
                  | Will+ Int+6 Stlth+}
 67898 | Depths:1 | Identified the +1 falchion of Bibal {freeze, Dex+3}
 68328 | Depths:2 | Found a one-way gate leading to the halls of Pandemonium.
 68896 | Depths:2 | Found Curyvi's Armour Emporium.
 68914 | Depths:1 | Bought the ring "Bomic" {rElec rN+ rCorr} for 831 gold
                  | pieces
 70202 | Depths:2 | Found an ornate altar of the Wu Jian Council.
 70673 | Depths:3 | Reached skill level 15 in Dodging
 71158 | Depths:3 | Found a one-way gate to the infinite horrors of the Abyss.
 71190 | Depths:3 | Found a one-way gateway to a ziggurat.
 72075 | Depths:4 | Entered Level 4 of the Depths
 72635 | Depths:4 | Reached XP level 23. HP: 201/201 MP: 34/42
 73612 | Depths:4 | Found a gate to the Realm of Zot.
 74016 | Depths:4 | Found an iron altar of Okawaru.
 75004 | D:3      | Bought a potion of mutation for 104 gold pieces
 75035 | D:3      | Killed Grinder
 75359 | Crypt:1  | Entered Level 1 of the Crypt
 76602 | Crypt:1  | Found a runed translucent gate.
 76602 | Crypt:1  | Found a runed translucent gate.
 76602 | Crypt:1  | Found a runed translucent gate.
 76603 | Crypt:1  | Noticed Omiorith's ghost (adept GrFi)
 76962 | Crypt:1  | Noticed Khufu
 77181 | Crypt:1  | Noticed a royal mummy
 77185 | Crypt:1  | Killed Khufu
 77186 | Crypt:1  | Reached skill level 15 in Conjurations
 77197 | Crypt:1  | Killed a royal mummy
 77668 | Crypt:1  | Killed Omiorith's ghost
 77717 | Crypt:1  | Identified the +2 pair of gloves "Pydez" {Will+ Str-3
                  | Int+7}
 77850 | Crypt:1  | Upgraded the game from 0.30-a0-571-gdf30a72648 to
                  | 0.30-a0-576-g89cddaab80
 79840 | D:12     | Bought a pair of runed boots for 195 gold pieces
 80119 | Zot:1    | Entered Level 1 of the Realm of Zot
 81055 | Zot:1    | Reached XP level 24. HP: 100/216 MP: 19/42
 81547 | Zot:2    | Found a runed translucent gate.
 81552 | Zot:2    | Found a runed translucent gate.
 81552 | Zot:2    | Found an ancient bone altar of Kikubaaqudgha.
 81553 | Zot:2    | Found a runed translucent gate.
 82325 | Zot:2    | Reached skill level 10 in Evocations
 82579 | Zot:2    | Noticed an orb of fire
 82586 | Zot:2    | Killed an orb of fire
 82587 | Zot:2    | Reached skill level 21 in Earth Magic
 84708 | Zot:2    | Noticed a dread lich
 84708 | Zot:2    | Noticed Gofuck's ghost (veteran DgAE)
 84708 | Zot:2    | Noticed an ancient lich
 84709 | Zot:2    | Noticed a dread lich
 84709 | Zot:2    | Noticed a dread lich
 85240 | D:12     | Killed Erolcha
 85948 | Zot:3    | Reached skill level 22 in Earth Magic
 87611 | Zot:4    | Reached skill level 23 in Earth Magic
 89391 | Zot:5    | Entered Level 5 of the Realm of Zot
 89577 | Zot:4    | Reached skill level 24 in Earth Magic
 90265 | Zot:5    | Learned a level 5 spell: Metabolic Englaciation
 91446 | Zot:5    | Noticed a dread lich
 91449 | Zot:5    | Killed a dread lich
 91528 | Zot:5    | Noticed a Killer Klown
 91538 | Zot:5    | Noticed a Killer Klown
 91540 | Zot:5    | Killed a Killer Klown
 91548 | Zot:5    | Killed a Killer Klown
 91812 | Zot:5    | Noticed a Killer Klown
 91816 | Zot:5    | Killed a Killer Klown
 91978 | Zot:5    | Noticed an orb of fire
 92078 | Zot:5    | Killed an orb of fire
 92079 | Zot:5    | Reached XP level 25. HP: 224/224 MP: 31/42
 92156 | Zot:5    | Noticed a Killer Klown
 92161 | Zot:5    | Killed a Killer Klown
 93011 | Zot:5    | Learned a level 4 spell: Passage of Golubria
 93911 | Zot:5    | Got the Orb of Zot
 93981 | Zot:5    | Noticed Ityliwee the pandemonium lord
 94177 | Depths:2 | Noticed Gaotor the pandemonium lord
 94295 | D:15     | Noticed Bavemink the pandemonium lord
 94307 | D:15     | Noticed Lafrir the pandemonium lord
 94631 | D:$      | Escaped with the Orb!

Illustrated notes

Levels and vault maps discovered:
D:1:      ncdulo_watergridlock, layout_basic, minmay_small_reverse_x
D:2:      minmay_evil_eye, layout_rooms, shapermc_ecumenical_altar_mp_vishouse,
          minmay_hexomino_u4, uniq_jessica, uniq_crazy_yiuf_cottage, uniq_robin
D:3:      layout_loops_ring, serial_shops, nicolae_lakefront_shop, uniq_grinder
D:4:      layout_cave_pools, kennysheep_generic_room_10
D:5:      layout_cave_pools, nicolae_ru_the_path_less_chosen,
          nicolae_overflow_crystal_walls, temple_doors_ab, corexii_shack,
          uniq_eustachio, uniq_blork_the_orc, uniq_ijyb
D:6:      layout_gridville, xom_confusion_cloud, portal_sewer_entry_a,
          serial_demonic, serial_demonic_g, serial_demonic_b, serial_demonic_b,
          serial_demonic_b, serial_demonic_f, serial_demonic_d,
          serial_demonic_a, serial_demonic_c, minivault_27,
          minmay_misc_feat_alley, minmay_door_square, uniq_menkaure,
          uniq_maggie, uniq_prince_ribbit1, uniq_edmund
D:7:      hellmonk_destroyed_diamonds, layout_rooms
D:8:      layout_cave_pools, jmf_multi_god_temple2,
          grunt_lair_entry_orc_guard_hut
D:9:      layout_cave_pools, david_orc_4, serial_shops, nicolae_shop_stone,
          nicolae_shop_self_help
D:10:     layout_stronghold, mainiacjoe_overflow_alcove_3, trog_antimagical,
          nicolae_trove_entry_diagonal, minmay_shattered_shrine, uniq_grum
D:11:     layout_cave_pools, serial_shops, shop, minivault_16
D:12:     wad_bat_island, layout_irregular_city, serial_shops, shop,
          nicolae_transporter_circle, uniq_erolcha
D:13:     layout_roguey, lightli_vaults_fourway_checkpoint, serial_shops, shop,
          roderic_serpentine_path, vehumet_crystals
D:14:     layout_basic
D:15:     gammafunk_enter_depths_forms, layout_rooms, hangedman_decor_lopped,
          minivault_20, minmay_crystal_water,
          einodemon_armed_red_devil_minivault
Temple:   hellmonk_temple_flake
Lair:1:   layout_regular_city
Lair:2:   layout_cave_pods, spider_nest_entry_rubble
Lair:3:   layout_cave_pods, minmay_shoals_entry_centaurs, beast_lair_carwin_11,
          infiniplex_staircase_pool
Lair:4:   layout_misc_corridors, slime_entry_1, grunt_megastairs_3,
          infiniplex_staircase_pool_2, serial_bayou_shore_a, uniq_urug
Lair:5:   minmay_lair_end_frog_pond, layout_regular_city,
          portal_ice_cave_demonic_guard, small_statue_intersection,
          serial_bayou_pond_d
Shoals:1: layout_shoals, nicolae_shoals_nautilus_by_nature
Shoals:2: nzn_motion_control, layout_shoals, nicolae_shoals_so_close, uniq_aizul
Shoals:3: layout_shoals, uniq_polyphemus
Shoals:4: shoals_end_hangedman, layout_shoals
Spider:1: layout_spider_delve, uniq_roxanne
Spider:2: layout_spider_delve, nicolae_spider_some_kinda_spiderbox
Spider:3: layout_spider_delve, nicolae_spider_bug_shape
Spider:4: hellmonk_spider_rune_bug_friends, uniq_mlioglotl, uniq_kirke,
          uniq_nikola
Slime:1:  layout_caves
Slime:2:  layout_caves, nicolae_slime_welcoming_committee
Slime:3:  layout_caves
Slime:4:  layout_caves
Slime:5
Orc:1:    layout_caves, serial_shops, nicolae_square_shop
Orc:2:    st_orc_mages, layout_caves
Elf:1:    layout_loops_cross, gammafunk_ghost_wrathful_warriors,
          kennysheep_underground_church, abandoned_shop, uniq_azrael
Elf:2:    nicolae_elf_blades_crystal_corner, layout_loops_corners,
          minmay_misc_feat_rows
Vaults:1: v_misc_22, v_misc_26, vaults_room_hallway, vaults_dpeg_spiral,
          hangedman_vaults_corner_blocks, vaults_room_stairs_pillars,
          dpeg_vaults_hating_casters, ontoclasm_vaults_claustrophobia,
          ontoclasm_vaults_ligature, nicolae_vaults_diagonal_hallway_8,
          layout_vaults_quadrants
Vaults:2: nicolae_vaults_network_barrier, nicolae_vaults_statue_guard,
          grunt_vaults_trifunnel, nicolae_vaults_twisting_passages,
          vaults_mumra_chevron, hangedman_vaults_slice, v_misc_18,
          vaults_dpeg_encased_lava, vaults_dpeg_ring, layout_vaults_maze_bifur,
          serial_shops, nicolae_lakefront_shop, uniq_jory
Vaults:3: v_misc_22, grunt_vaults_twisty, nicolae_vaults_puzzle_piece,
          vaults_room_grid, vaults_room_guarded_vault, v_misc_13,
          hangedman_vaults_stitches, nicolae_vaults_alarming, v_alt_pattern_4,
          nicolae_vaults_little_squares_3, layout_vaults_ring, uniq_margery
Vaults:4: nicolae_vaults_theta, ontoclasm_vaults_gateway, v_misc_3, st_lines,
          vaults_room_hallway, v_misc_22, v_pattern_4, v_misc_10,
          vaults_room_corners, nicolae_vaults_circle_grid_a, v_misc_25,
          ontoclasm_vaults_eye, layout_vaults_big_room
Vaults:5
Crypt:1:  ragdoll_tomb_raider, layout_regular_city, gammafunk_ghost_spectres
Crypt:2:  layout_chaotic_city, uniq_grunn
Depths:1: minmay_the_grid_3x3 [minmay_the_grid_armoury,
          minmay_the_grid_dragon_b, minmay_the_grid_stretched_grid,
          minmay_the_grid_spin_star, minmay_the_grid_diamond_grid,
          minmay_the_grid_plusring, minmay_the_grid_tri_star,
          minmay_the_grid_tree, minmay_the_grid_prize_trominoes],
          layout_cave_pools, hell_entry, nicolae_uskayaw_dance_hall,
          small_chamber_with_monster, nicolae_take_the_stairs,
          nicolae_lava_and_water, grunt_ministairs_1, item_on_display_a
Depths:2: grunt_deathspiral_large, layout_gridlike, hell_entry, serial_shops,
          shop, pan_entry, serial_bayou_shore_b,
          pdpol_wu_jian_five_deadly_venoms, serial_bayou_shore_b
Depths:3: nicolae_cairo_tiling_large, layout_gridlike, ziggurat_fallback,
          hell_entry, abyss_entry, chequers_serial_rivers_micro_a, st_stairs_3,
          grunt_ministairs_10
Depths:4: evilmike_zot_entry_round, layout_cross, serial_column_ruins,
          column_ruins_square_medium, column_ruins_open_tiny,
          column_ruins_grid_3, column_ruins_grid_1,
          column_ruins_corridor_straight, column_ruins_open_small,
          column_ruins_open_tiny, column_ruins_open_small, grunt_hell_horde,
          nicolae_concentric_dashed_squares_wild, rand_demon_pan_entry_8,
          minmay_misc_feat_tower, kennysheep_okawaru_gauntlet
Zot:1:    layout_gridlike
Zot:2:    layout_onion, gammafunk_ghost_crypt, uniq_parghit
Zot:3:    layout_onion
Zot:4:    layout_cathedral_of_symmetry
Zot:5:    layout_misc_corridors

Skill      XL: |  1  2  3  4  5  6  7  8  9 10 11 12 13 14 15 16 17 18 19 20 21 22 23 24 25 |
---------------+----------------------------------------------------------------------------+-----
Spellcasting   | 3 4 5 6 9 10 11 12 13 14 15 | 15.0
Ice Magic      | 5 8 9 10 12 15 16 19 20 21 22 | 22.3
Fighting       | 2 4 7 11 13 15 18 | 18.0
Earth Magic    | 1 5 7 12 13 14 16 17 20 24 | 24.1
Dodging        | 5 7 10 11 15 | 15.0
Necromancy     | 4 5 6 |  6.0
Conjurations   | 5 6 10 13 16 | 16.0
Transmutations | 5 6 |  6.0
Shields        | 3 5 7 |  7.6
Axes           | 2 9 |  9.0
Evocations     | 4 7 8 10 | 10.0
Throwing       | 5 6 |  6.0
Stealth        | |  1.7

Action                   |  1- 3 |  4- 6 |  7- 9 | 10-12 | 13-15 | 16-18 | 19-21 | 22-24 | 25-27 || total
-------------------------+-------+-------+-------+-------+-------+-------+-------+-------+-------++-------
Melee: Dagger            |    20 |    84 |       |       |       |       |       |       |       ||   104
       Unarmed           |     4 |       |       |       |       |       |       |       |       ||     4
       Tailslap          |       |    15 |    34 |    66 |   128 |   208 |   143 |    90 |     2 ||   686
       Punch             |       |     2 |     3 |       |       |       |       |       |       ||     5
       Whip              |       |    27 |   200 |       |       |       |       |       |       ||   227
       Dire flail        |       |       |    74 |   295 |       |       |       |       |       ||   369
       War axe           |       |       |       |    37 |   545 |   918 |   518 |   372 |     6 ||  2396
       Headbutt          |       |       |       |       |       |       |    41 |       |       ||    41
 Cast: Freeze            |    44 |    40 |    89 |   234 |    97 |    20 |     6 |     4 |       ||   534
       Frozen Ramparts   |     1 |    12 |    25 |    62 |    40 |    58 |    27 |     2 |       ||   227
       Ozocubu's Armour  |       |     9 |    24 |    53 |    49 |    72 |    48 |    14 |     1 ||   270
       Borgnjor's Vile C |       |       |       |    18 |    77 |   153 |   121 |   138 |    39 ||   546
       Dispel Undead     |       |       |       |       |    14 |       |     2 |     3 |       ||    19
       Irradiate         |       |       |       |       |    13 |    46 |    39 |    50 |     4 ||   152
       Lee's Rapid Decon |       |       |       |       |       |    42 |    22 |     3 |     2 ||    69
       Iron Shot         |       |       |       |       |       |    64 |   374 |   660 |    36 ||  1134
       Ozocubu's Refrige |       |       |       |       |       |    74 |    33 |    26 |       ||   133
       Polar Vortex      |       |       |       |       |       |       |     8 |     8 |       ||    16
Evoke: Tin of tremorston |       |       |       |       |       |     1 |       |     1 |       ||     2
       Condenser vane    |       |       |       |       |       |     1 |       |       |       ||     1
       Wand              |       |       |       |       |       |       |     2 |    13 |     1 ||    16
  Use: Scroll            |       |     5 |     2 |    17 |     5 |     5 |     4 |     3 |     2 ||    43
       Potion            |       |       |       |     2 |     2 |     8 |     6 |     4 |     8 ||    30
 Stab: Sleeping          |       |     1 |     3 |     2 |     2 |     1 |     1 |       |       ||    10
Armor: Skin              |    23 |    62 |   225 |   437 |   486 |   944 |   354 |   373 |    23 ||  2927
Dodge: Dodged            |    29 |    85 |   323 |   545 |   473 |  1139 |   437 |   436 |    23 ||  3490
Block: Buckler           |       |       |       |    34 |   349 |   777 |   314 |   260 |    19 ||  1753

Table legend: (Time is in decaauts)
 A = Elapsed time spent in this place.
 B = Non-inter-level travel time spent in this place.
 C = Inter-level travel time spent in this place.
 D = Time resting spent in this place.
 E = Time spent auto-exploring this place.
 F = Levels seen in this place.
 G = Mean time per level.
                   A        B        C        D        E       F      G
               +--------+--------+--------+--------+--------+-----+--------+
         Total |  95371 |  87480 |   7891 |  31151 |  40684 |  56 | 1703.1 |
       Dungeon |  23441 |  20442 |   2999 |   5515 |  11060 |  15 | 1562.7 |
        Temple |    158 |    158 |      0 |      0 |    130 |   1 |  158.0 |
          Lair |   8140 |   6955 |   1185 |   1316 |   4204 |   5 | 1628.0 |
        Shoals |   6392 |   6011 |    381 |   1847 |   3161 |   4 | 1598.0 |
   Spider Nest |   9003 |   8511 |    492 |   4395 |   2612 |   4 | 2250.8 |
    Slime Pits |   4341 |   4203 |    138 |   2096 |    926 |   5 |  868.2 |
  Orcish Mines |   1764 |   1572 |    192 |    117 |   1085 |   2 |  882.0 |
   Elven Halls |   3863 |   3727 |    136 |   1301 |   1849 |   2 | 1931.5 |
        Vaults |  10917 |  10172 |    745 |   4128 |   4641 |   5 | 2183.4 |
         Crypt |   4338 |   4257 |     81 |   1871 |   1736 |   2 | 2169.0 |
        Depths |   9188 |   8044 |   1144 |   2296 |   4390 |   4 | 2297.0 |
           Zot |  11930 |  11537 |    393 |   5534 |   4265 |   5 | 2386.0 |
         Sewer |    298 |    298 |      0 |    100 |    149 |   1 |  298.0 |
      Ice Cave |   1590 |   1590 |      0 |    633 |    476 |   1 | 1590.0 |
               +--------+--------+--------+--------+--------+-----+--------+

Top non-repeatable levels by time:
   Zot:5: 4332 daAuts
Spider:3: 4204 daAuts
Vaults:1: 3564 daAuts
   Zot:2: 2841 daAuts
 Crypt:1: 2727 daAuts
Vaults:3: 2671 daAuts
Depths:4: 2571 daAuts
Depths:2: 2472 daAuts
   Elf:2: 2420 daAuts
Vaults:4: 2415 daAuts
    D:15: 2384 daAuts
Spider:1: 2317 daAuts
  Lair:3: 2290 daAuts
Vaults:2: 2265 daAuts
Depths:3: 2263 daAuts
